AoeStats
← Negro Raymundo

Fortress

508561372Analyzed
4v4 RM · 11d ago on Sep 23, 2026· 36m 49s· 8 players
Game mode
Random Map
Map size
Huge
Population
200
Speed
Normal
Resources
Standard
Victory
Conquest
Starting age
Dark Age
Ending age
Imperial Age
RankedLock teamsTeams togetherTeam positionsShared explorationLock speedFull tech treeHidden civsTurbo modeCheats
Victory
Defeat
🇨🇱 Armenians · Chile
1812
+14
🇨🇱 Wei · Chile
1772
+15
🇦🇺 Portuguese · Australia
1725
+17
🇦🇷 Saracens · Argentina
1661
+21
🇨🇴 Vietnamese · Colombia
1804
-19
🇦🇷 Shu · Argentina
1775
-17
🇨🇴 Inca · Colombia
1755
-17
🇨🇴 Burmese · Colombia
1686
-14
Negro Raymundo
7:59 Feudal Age
9:14 Horse Collar
11:38 Castle Age
12:56 Heavy Plow
13:41 Loom
19:35 Wheelbarrow
18:46 Town Watch
20:00 Gold Mining
24:48 Imperial Age
22:28 Husbandry
23:02 Bloodlines
24:27 Scale Barding Armor
24:33 Forging
25:29 Chain Barding Armor
25:48 Howdah
26:51 Iron Casting
26:18 Elite Battle Elephant
27:52 Plate Barding Armor
31:14 Blast Furnace
32:51 Light Cavalry
34:05 Hussar
35:08 Conscription
34:50 Manipur Cavalry
35:48 Fletching
37:05 Ballistics
NuMa | Toth
7:48 Feudal Age
11:34 Castle Age
9:23 Horse Collar
9:55 Double-Bit Axe
11:53 Wheelbarrow
12:39 Bow Saw
12:30 Heavy Plow
13:36 Hand Cart
19:01 Stone Mining
22:27 Imperial Age
19:44 Town Watch
19:56 Loom
20:03 Gold Mining
20:21 Fletching
21:17 Bodkin Arrow
21:46 Padded Archer Armor
22:19 Padded Archer Armor
24:17 Chemistry
23:44 Masonry
24:41 Bracer
26:15 Leather Archer Armor
26:52 Ballistics
27:35 Elite Rattan Archer
29:03 Thumb Ring
29:50 Hoardings
30:55 Ring Archer Armor
32:34 Crossbowman
34:20 Arbalester
[CLB]PEGASO
7:40 Feudal Age
11:17 Castle Age
9:24 Double-Bit Axe
9:43 Horse Collar
12:40 Bow Saw
14:57 Wheelbarrow
18:13 Hand Cart
23:54 Imperial Age
21:14 Loom
21:45 Scale Mail Armor
21:51 Gold Mining
22:41 Chain Mail Armor
23:13 Gold Shaft Mining
22:14 Champi Runner
22:55 Squires
23:07 Forging
22:56 Champi Warrior
23:47 Stone Mining
24:01 Heavy Plow
25:10 Iron Casting
24:03 Elite Champi Warrior
25:58 Plate Mail Armor
25:41 Pikeman
27:32 Conscription
27:02 Halberdier
28:57 Blast Furnace
30:03 Elite Kamayuk
31:40 Fabric Shields
Magio | Voy Pocker
8:11 Feudal Age
12:29 Castle Age
10:43 Double-Bit Axe
10:40 Horse Collar
12:05 Wheelbarrow
13:36 Bow Saw
13:30 Heavy Plow
17:42 Hand Cart
17:36 Loom
17:49 Town Watch
18:01 Gold Mining
23:24 Imperial Age
22:18 Gold Shaft Mining
21:35 Fletching
21:49 Stone Mining
21:24 Crossbowman
22:27 Bodkin Arrow
22:33 Padded Archer Armor
24:13 Ballistics
24:09 Bracer
26:46 Chemistry
26:11 Leather Archer Armor
26:04 Arbalester
27:55 Ring Archer Armor
27:33 Thumb Ring
29:15 Siege Engineers
33:10 Bolt Magazine
33:31 Conscription
34:57 Squires
35:03 Scale Mail Armor
35:13 Forging
HR itu
7:40 Feudal Age
11:13 Castle Age
9:28 Double-Bit Axe
9:51 Gold Mining
9:58 Horse Collar
12:40 Bow Saw
13:02 Heavy Plow
15:52 Gold Shaft Mining
16:25 Stone Mining
18:08 Wheelbarrow
22:44 Imperial Age
20:27 Loom
20:34 Fletching
21:06 Bodkin Arrow
22:24 Hand Cart
22:31 Padded Archer Armor
25:33 Chemistry
24:55 Town Watch
25:51 Bracer
27:44 Ballistics
28:07 Elite Composite Bowman
29:26 Leather Archer Armor
30:28 Ring Archer Armor
30:25 Conscription
32:02 Masonry
36:19 Hoardings
35:52 Treadmill Crane
35:52 Elite Skirmisher
Kaydos
7:04 Feudal Age
10:56 Castle Age
9:58 Double-Bit Axe
9:54 Horse Collar
18:06 Wheelbarrow
18:47 Bow Saw
19:25 Hand Cart
19:43 Gold Mining
24:18 Imperial Age
22:38 Stone Mining
22:49 Heavy Plow
23:50 Stone Shaft Mining
24:12 Loom
24:12 Town Watch
26:18 Chemistry
25:50 Siege Engineers
26:39 Conscription
26:22 Fletching
28:38 Bodkin Arrow
30:12 Fortified Wall
30:23 Ballistics
31:06 Bracer
31:45 Arquebus
32:43 Elite Organ Gun
36:32 Caravan
FutureEwe5582
7:09 Feudal Age
10:50 Castle Age
8:44 Double-Bit Axe
8:43 Horse Collar
11:53 Bow Saw
12:22 Wheelbarrow
25:28 Imperial Age
23:49 Scale Barding Armor
23:55 Forging
23:48 Heavy Plow
23:47 Stone Mining
23:48 Gold Mining
24:21 Loom
24:53 Hand Cart
24:23 Town Watch
25:48 Gold Shaft Mining
26:18 Chain Barding Armor
26:20 Bloodlines
26:38 Husbandry
27:17 Iron Casting
28:23 Plate Barding Armor
28:01 Elite Mameluke
29:52 Blast Furnace
30:25 Two-Man Saw
30:58 Caravan
31:52 Light Cavalry
32:24 Fletching
32:41 Hussar
35:07 Conscription
neromelnick
7:33 Feudal Age
11:08 Castle Age
9:27 Double-Bit Axe
9:35 Horse Collar
10:02 Gold Mining
12:18 Bow Saw
14:30 Loom
15:47 Heavy Plow
18:18 Wheelbarrow
19:28 Hand Cart
24:34 Imperial Age
22:21 Scale Barding Armor
22:27 Forging
22:21 Tuntian
22:31 Town Watch
23:06 Bloodlines
23:43 Chain Barding Armor
23:27 Husbandry
24:57 Gold Shaft Mining
24:30 Stone Mining
25:17 Iron Casting
25:07 Heavy Hei Guang Cavalry
26:50 Blast Furnace
27:33 Ming Guang Armor
28:15 Conscription
27:17 Light Cavalry
29:36 Caravan
30:09 Crop Rotation
31:15 Coinage
30:36 Hussar
33:10 Chemistry
32:50 Banking
32:32 Fletching
32:42 Padded Archer Armor
32:42 Scale Mail Armor
36:45 Stone Shaft Mining
36:33 Hussar
Connection lost

Rejoining the realm…

Still unreachable

The connection could not be restored.

Session expired

The server has moved on; the page needs a fresh start.